 Dungeon Crawl Stone Soup version 0.31-a0-654-gbe3e110b4e (webtiles) character file.

Game seed: 1343575434162565384

114 cforsyth the Charlatan (level 4, 0/34 HPs)
             Began as a Gnoll Artificer on Aug 30, 2023.
             Succumbed to Crazy Yiuf's poison
             ... on level 2 of the Dungeon.
             The game lasted 00:03:33 (1734 turns).

cforsyth the Charlatan (Gnoll Artificer)            Turns: 1734, Time: 00:03:34

Health: 0/34       AC:  9    Str: 14    XL:     4   Next: 97%
Magic:  5/5        EV: 17    Int: 12    God:
Gold:   78         SH:  0    Dex: 14    Spells: 5/5 levels left

rFire   + + +        r - +5 hand axe "Zapto" {freeze, *Slow rF+++ Str+2 Dex+2}
rCold   . . .        (no shield)
rNeg    . . .        b - +0 leather armour
rPois   .            f - +0 helmet
rElec   .            j - scarf {repulsion}
rCorr   .            s - +2 pair of gloves
SInv    .            n - +0 pair of boots
Will    .....        (no amulet)
Stlth   ++           m - +5 ring of evasion
HPRegen 0.25/turn    k - ring of flight
MPRegen 0.09/turn

%: slow self (1%), repel missiles
@: brilliant, lethally poisoned (0 -> -2), flying
A: fangs 1, strong nose, distributed training
a: no special abilities


You were on level 2 of the Dungeon.
You visited 1 branch of the dungeon, and saw 2 of its levels.

You collected 78 gold pieces.

Inventory:

Hand Weapons
 a - a +0 club
 r - the +5 hand axe "Zapto" (weapon) {freeze, *Slow rF+++ Str+2 Dex+2}
   (You found it on level 2 of the Dungeon)

   Str+2:     It affects your strength (+2).
   Dex+2:     It affects your dexterity (+2).
   rF+++:     It renders you almost immune to fire.
   *Slow:     It may slow you when you take damage.
Missiles
 o - 2 throwing nets
Armour
 b - a +0 leather armour (worn)
 f - a +0 helmet (worn)
 j - a scarf of repulsion (worn)
 n - a +0 pair of boots (worn)
 s - a +2 pair of gloves (worn)
Jewellery
 k - a ring of flight (right hand)
 m - a +5 ring of evasion (left hand)
 q - a ring of magical power
 t - a ring of positive energy
Wands
 c - a wand of flame (9) (quivered)
 d - a wand of charming (15)
 e - a wand of iceblast (4)
Scrolls
 h - 3 scrolls of identify {unknown}
 i - a scroll of vulnerability {unknown}


   Skills:
 + Level 2.8 Fighting
 + Level 1.3 Short Blades
 + Level 1.3 Long Blades
 + Level 1.3 Axes
 + Level 1.3 Maces & Flails
 + Level 1.3 Polearms
 + Level 1.3 Staves
 + Level 1.3 Ranged Weapons
 + Level 1.3 Throwing
 + Level 4.7 Armour
 + Level 2.8 Dodging
 + Level 2.6 Stealth
 + Level 1.3 Shields
 + Level 1.3 Unarmed Combat
 + Level 1.3 Spellcasting
 + Level 1.0 Conjurations
 + Level 1.0 Hexes
 + Level 1.0 Summonings
 + Level 1.0 Necromancy
 + Level 1.0 Translocations
 + Level 1.0 Transmutations
 + Level 1.0 Fire Magic
 + Level 1.0 Ice Magic
 + Level 1.0 Air Magic
 + Level 1.0 Earth Magic
 + Level 1.0 Poison Magic
 + Level 1.4 Invocations
 + Level 6.6 Evocations
 + Level 1.2 Shapeshifting


You had 5 spell levels left.
You didn't know any spells.
Your spell library contained the following spells:

 Spells                   Type           Power      Damage    Failure   Level
 Lesser Beckoning         Tloc           10%        N/A       34%         2
 Gell's Gravitas          Tloc           5%         N/A       56%         3
 Teleport Other           Tloc           5%         N/A       56%         3


Dungeon Overview and Level Annotations

Branches:
Dungeon (2/15)

Altars:

Shops:
D:2 =


Innate Abilities, Weirdness & Mutations

You have very sharp teeth.
Your uncanny sense of smell can sniff out nearby items.
Your experience applies equally to all skills.


Message History

Crazy Yiuf is heavily wounded.
Crazy Yiuf hits you with a +3 quarterstaff of chaos.
You are poisoned.
Aiming: Throw Flame
Press: ? - help, Shift-Dir - straight line, f/p - Crazy Yiuf
Aim: Crazy Yiuf, wielding a +3 quarterstaff of chaos and wearing a +2 cloak (heavily wounded, 77% to hit)
The puff of flame hits Crazy Yiuf.
Crazy Yiuf is heavily wounded.
You feel very sick.
Crazy Yiuf hits you with a +3 quarterstaff of chaos!
* * * LOW HITPOINT WARNING * * *
Aiming: Throw Flame
Press: ? - help, Shift-Dir - straight line, f/p - Crazy Yiuf
Aim: Crazy Yiuf, wielding a +3 quarterstaff of chaos and wearing a +2 cloak (heavily wounded, 77% to hit)
The puff of flame hits Crazy Yiuf!
Crazy Yiuf is almost dead.
* * * LOW HITPOINT WARNING * * *
You feel sick. Crazy Yiuf completely misses you.
Aiming: Throw Flame
Press: ? - help, Shift-Dir - straight line, f/p - Crazy Yiuf
Aim: Crazy Yiuf, wielding a +3 quarterstaff of chaos and wearing a +2 cloak (almost dead, 77% to hit)
The puff of flame hits Crazy Yiuf!
You kill Crazy Yiuf!
* * * LOW HITPOINT WARNING * * *
You feel sick.
It was a potion of brilliance.
You feel clever all of a sudden.
* * * LOW HITPOINT WARNING * * *
You feel sick.
You feel more clever all of a sudden.
* * * LOW HITPOINT WARNING * * *
You feel sick.
As you read the scroll labelled YCKEHET ACENE, it crumbles to dust.
You feel a surge of unholy energy.
It was a scroll of torment.
* * * LOW HITPOINT WARNING * * *
You feel sick.
As you read the scroll labelled QINYXO HISSYAD, it crumbles to dust.
It is a scroll of enchant armour.
Your +1 pair of gloves glows green for a moment.
You die...

.####.####......#.#.#
#....#.###
......####......>...#
###.##...#
.#######.........####
###.####.. .#
##.##########
#...##.... .#####..#
#...#..#.# ..#....##
#.....##.#
........##♣♣ ###
#...###...
#[.).......♣♣ ♣♣#..)#
#...# #...
..÷.........♣♣♣♣@)...#
##### #...
.............♣..♣#...#
#... .#######....♣.♣♣♣
### #... .## ###♣♣♣♣♣
#... ..# #### #.# ..#
###


There were no monsters in sight!

Vanquished Creatures
  Crazy Yiuf (D:2)
  4 gnolls (D:2)
  2 worms (D:1)
  6 bats
  5 endoplasms
  A giant cockroach (D:2)
  4 goblins
  3 hobgoblins
  4 quokkas (D:2)
  A ball python (D:1)
  3 frilled lizards (D:1)
  4 kobolds
  3 rats (D:2)
41 creatures vanquished.

Notes
Turn   | Place    | Note
-------+----------+-------------------------------------------
     0 | D:1      | cforsyth the Gnoll Artificer began the quest for the Orb.
     0 | D:1      | Reached XP level 1. HP: 17/17 MP: 1/1
   184 | D:1      | Found a faded altar of an unknown god.
   436 | D:1      | Reached XP level 2. HP: 23/23 MP: 2/2
  1046 | D:1      | Reached XP level 3. HP: 17/28 MP: 3/3
  1211 | D:2      | Reached skill level 1 in Invocations
  1334 | D:2      | Reached skill level 1 in Short Blades
  1334 | D:2      | Reached skill level 1 in Long Blades
  1334 | D:2      | Reached skill level 1 in Axes
  1334 | D:2      | Reached skill level 1 in Maces & Flails
  1334 | D:2      | Reached skill level 1 in Polearms
  1334 | D:2      | Reached skill level 1 in Staves
  1334 | D:2      | Reached skill level 1 in Ranged Weapons
  1334 | D:2      | Reached skill level 1 in Throwing
  1334 | D:2      | Reached skill level 1 in Shields
  1334 | D:2      | Reached skill level 1 in Unarmed Combat
  1334 | D:2      | Reached skill level 1 in Spellcasting
  1340 | D:2      | Reached XP level 4. HP: 24/34 MP: 5/5
  1343 | D:2      | Reached skill level 1 in Shapeshifting
  1386 | D:2      | Identified the +5 hand axe "Zapto" {freeze, *Slow rF+++
                  | Str+2 Dex+2}
  1442 | D:2      | Reached skill level 1 in Conjurations
  1442 | D:2      | Reached skill level 1 in Hexes
  1442 | D:2      | Reached skill level 1 in Summonings
  1442 | D:2      | Reached skill level 1 in Necromancy
  1442 | D:2      | Reached skill level 1 in Translocations
  1442 | D:2      | Reached skill level 1 in Transmutations
  1442 | D:2      | Reached skill level 1 in Fire Magic
  1442 | D:2      | Reached skill level 1 in Ice Magic
  1442 | D:2      | Reached skill level 1 in Air Magic
  1442 | D:2      | Reached skill level 1 in Earth Magic
  1442 | D:2      | Reached skill level 1 in Poison Magic
  1519 | D:2      | Found a runed translucent door.
  1520 | D:2      | Noticed Crazy Yiuf
  1629 | D:2      | Found Raiq's Jewellery Boutique.
  1730 | D:2      | Killed Crazy Yiuf
  1733 | D:2      | HP: 1/34 [poisoned by Crazy Yiuf]
  1734 | D:2      | Succumbed to Crazy Yiuf's poison

Illustrated notes

Levels and vault maps discovered:
D:1:      elethiomel_arrival_shortcut, layout_basic,
          ebering_ecumenical_altar_petrified
D:2:      layout_rooms, serial_shops, nicolae_shop_hallway_stairs,
          minmay_tall_x, uniq_crazy_yiuf_cottage

Skill      XL: |  1  2  3  4 |
---------------+-------------+-----
Invocations    | 1 |  1.4
Short Blades   | 1 |  1.3
Long Blades    | 1 |  1.3
Axes           | 1 |  1.3
Maces & Flails | 1 |  1.3
Polearms       | 1 |  1.3
Staves         | 1 |  1.3
Ranged Weapons | 1 |  1.3
Throwing       | 1 |  1.3
Shields        | 1 |  1.3
Unarmed Combat | 1 |  1.3
Spellcasting   | 1 |  1.3
Shapeshifting  | 1 |  1.2
Conjurations   | 1 |  1.0
Hexes          | 1 |  1.0
Summonings     | 1 |  1.0
Necromancy     | 1 |  1.0
Translocations | 1 |  1.0
Transmutations | 1 |  1.0
Fire Magic     | 1 |  1.0
Ice Magic      | 1 |  1.0
Air Magic      | 1 |  1.0
Earth Magic    | 1 |  1.0
Poison Magic   | 1 |  1.0
Fighting       | |  2.8
Armour         | |  4.7
Dodging        | |  2.8
Stealth        | |  2.6
Evocations     | |  6.6

Action                     |  1- 3 |  4- 6 || total
---------------------------+-------+-------++-------
  Melee: Club              |   163 |     1 ||   164
         Bite              |    21 |       ||    21
         Punch             |     7 |     1 ||     8
         Hand axe          |       |    12 ||    12
  Evoke: Wand              |     1 |     6 ||     7
    Use: Scroll            |       |     2 ||     2
         Potion            |       |     2 ||     2
   Stab: Sleeping          |     1 |       ||     1
 Armour: Leather armour    |    41 |     6 ||    47
  Dodge: Dodged            |   120 |    21 ||   141

Table legend: (Time is in decaauts)
 A = Elapsed time spent in this place.
 B = Non-inter-level travel time spent in this place.
 C = Inter-level travel time spent in this place.
 D = Time resting spent in this place.
 E = Time spent auto-exploring this place.
 F = Levels seen in this place.
 G = Mean time per level.
                   A        B        C        D        E       F      G
               +--------+--------+--------+--------+--------+-----+--------+
         Total |   1783 |   1741 |     42 |    225 |    979 |   2 |  891.5 |
       Dungeon |   1783 |   1741 |     42 |    225 |    979 |   2 |  891.5 |
               +--------+--------+--------+--------+--------+-----+--------+

Top non-repeatable levels by time:
     D:1: 1037 daAuts
     D:2: 746 daAuts
